 Dungeon Crawl Stone Soup version 0.29.1-13-g9f3cf754e1 (webtiles) character file.

Game seed: 3712129084659791760

2 promet the Shield-Bearer (level 1, -1/11 HPs)
             Began as a Vine Stalker Fighter on Jan 26, 2023.
             Slain by Jessica
             ... wielding a +0 club
              (2 damage)
             ... on level 2 of the Dungeon.
             The game lasted 00:01:47 (221 turns).

promet the Shield-Bearer (Vine Stalker Fighter)      Turns: 221, Time: 00:01:48

Health: -1/11      AC:  6    Str: 18    XL:     1   Next: 40%
Magic:  0/2        EV:  9    Int:  8    God:
Gold:   0          SH:  4    Dex: 13    Spells: 0/0 levels left

rFire   . . .      SeeInvis .     - Unarmed
rCold   . . .      Faith    .   b - +0 buckler
rNeg    . . .      Spirit   +   a - +0 scale mail
rPois   .          Reflect  .   (no helmet)
rElec   .          Harm     .   (no cloak)
rCorr   .          Rampage  .   (no gloves)
Will    .....                   (no boots)
Stlth   ..........              (no amulet)
HPRegen 0.03/turn               (no ring)
MPRegen 0.08/turn               (no ring)

@: no status effects
A: fangs 2, magic shield, antimagic bite, no potion heal 2
a: no special abilities


You were on level 2 of the Dungeon.
You visited 1 branch of the dungeon, and saw 2 of its levels.

Inventory:

Armour
 a - a +0 scale mail (worn)
 b - a +0 buckler (worn)
Potions
 d - a potion of attraction


   Skills:
 + Level 2.7 Fighting
 + Level 2.4 Armour
 + Level 2.7 Shields
 * Level 2.0 Unarmed Combat


You couldn't memorise any spells.
You didn't know any spells.
Your spell library was empty.

Dungeon Overview and Level Annotations

Branches:
Dungeon (1/15)

Altars:

Annotations:
D:2 Jessica


Innate Abilities, Weirdness & Mutations

You have extremely sharp teeth.
When hurt, damage is shared between your health and your magic reserves.
Your bite disrupts and absorbs the magic of your enemies.
Potions cannot restore your health.


Message History

It was a scroll of immolation.
d - 2 sapphire potions It was a potion of attraction.
You feel attractive to monsters.
You feel less attractive to monsters.
Jessica the Apprentice Sorceress comes into view.
She is wielding a +0 club.
Jessica shouts!
An endoplasm comes into view.
You aren't carrying any items that you can evoke.
You feel very mighty all of a sudden.
Jessica very coldly says, "I hate your company."
Jessica casts a spell at you. Pain shoots through your body!
Ouch! That really hurt!
* * * LOW HITPOINT WARNING * * *
Jessica casts a spell.
Jessica blinks!
The endoplasm jiggles.
You hit the endoplasm.
You kill the endoplasm!
You feel a little less mighty now.
You start resting.
Jessica is nearby!
Jessica shouts!
Jessica gestures wildly while chanting.
Jessica blinks!
Jessica casts a spell at you. Pain shoots through your body!
* * * LOW HITPOINT WARNING * * *
Jessica mumbles some strange words.
Jessica blinks!
Jessica casts a spell.
Jessica blinks!
You closely miss Jessica. Your bite misses Jessica. You block Jessica's attack.
You barely miss Jessica. Jessica hits you with a +0 club.
* * * LOW HITPOINT WARNING * * *
You hit Jessica.
Jessica is lightly wounded.
Jessica hits you with a +0 club.
You die...

### ... #.# ..#
################.#
...............#@#
##############.#@#
#.#.# #.#.# #.#.#
#.#.# #.#.# #...#
#####


You could see Jessica.

Vanquished Creatures
  2 endoplasms (D:2)
2 creatures vanquished.

Notes
Turn   | Place    | Note
-------+----------+-------------------------------------------
     0 | D:1      | promet the Vine Stalker Fighter began the quest for the
                  | Orb.
     0 | D:1      | Reached XP level 1. HP: 11/11 MP: 2/2
     1 | D:1      | You fall into a shaft and drop 1 floor!
   119 | D:2      | Noticed Jessica
   221 | D:2      | Slain by Jessica

Illustrated notes

Levels and vault maps discovered:
D:1:      minmay_arrival_split_and_join, layout_rooms, serial_forest,
          infiniplex_forest_zigzag_1, infiniplex_forest_end_double,
          infiniplex_forest_end_2, infiniplex_forest_lined_3_way,
          infiniplex_forest_fountain, infiniplex_forest_clump_long,
          infiniplex_forest_clump_medium, infiniplex_forest_clump_double,
          infiniplex_forest_clump_C
D:2:      layout_basic, uniq_jessica

Action                   || total
-------------------------++-------
Melee: Unarmed           ||     9
       Bite              ||     1
  Use: Potion            ||     2
       Scroll            ||     1
Armor: Scale mail        ||     2
Dodge: Dodged            ||     2
Block: Buckler           ||     1
